 Dungeon Crawl Stone Soup version 0.31-a0-1388-g4b2ba238e7 (webtiles) character file.

Game seed: 9172962895855260454

1739 mandarbmax the Cudgeller (level 9, -2/139 HPs)
             Began as an Oni Shapeshifter on Dec 24, 2023.
             Was an Initiate of Gozag.
             Slain by a gargoyle
             ... wielding a +0 flail
              (20 damage)
             ... on level 6 of the Dungeon.
             The game lasted 00:16:03 (5557 turns).

mandarbmax the Cudgeller (Oni Shapeshifter)         Turns: 5557, Time: 00:16:04

Health: -2/139     AC:  4    Str: 24    XL:     9   Next: 5%
Magic:  0/9        EV:  9    Int: 11    God:    Gozag
Gold:   468        SH:  0    Dex:  8    Spells: 8/8 levels left

rFire   . . .        f - +4 mace (venom)
rCold   . . .        (no shield)
rNeg    . . .        a - +1 animal skin
rPois   .            (helmet currently unavailable)
rElec   .            (cloak currently unavailable)
rCorr   .            (gloves unavailable)
SInv    .            (boots unavailable)
Will    .....        n - amulet of guardian spirit Stlth
                     (no ring)
HPRegen 0.43/turn    (no ring)
MPRegen 0.11/turn

%: guardian spirit
@: berserking, beast-form, studying Shields, very quick
A: beast (slay +3), large, unfitting armour, horns 1, tough skin 1, double
potion healing, drunken brawling
a: Begin Untransformation, Renounce Religion, Potion Petition, Call Merchant,
Bribe Branch


You were on level 6 of the Dungeon.
You worshipped Gozag.
Gozag was aware of your devotion.
You were a hulking beast.
You visited 2 branches of the dungeon, and saw 7 of its levels.

You collected 537 gold pieces.
You paid 69 gold pieces to Gozag.

Inventory:

Hand Weapons
 f - a +4 mace of venom (weapon)
 g - a +0 flail of holy wrath
Missiles
 w - 2 darts of dispersal
 y - 16 poisoned darts
 z - 6 curare-tipped darts
Armour
 a - a +1 animal skin (worn)
Jewellery
 n - an amulet of guardian spirit (around neck)
Talismans
 c - a beast talisman
 d - a flux talisman
 h - a maw talisman
 u - a granite talisman
Wands
 t - a wand of polymorph (3)
 v - a wand of charming (10)
 x - a wand of roots (7)
Scrolls
 e - 2 scrolls of fear
 k - a scroll of noise
 l - 2 scrolls of amnesia
 o - a scroll of poison
 q - a scroll of vulnerability
 s - a scroll of enchant armour
 A - 2 scrolls of teleportation
 B - 3 scrolls of enchant weapon {unknown}
Potions
 b - 3 potions of lignification
 i - 3 potions of curing
 m - a potion of cancellation
 r - a potion of brilliance
 C - a potion of ambrosia {unknown}


   Skills:
 + Level 7.3 Fighting
 * Level 7.7 Maces & Flails
 - Level 2.0 Dodging
 - Level 3.1 Unarmed Combat
 + Level 5.9 Shapeshifting


You had 8 spell levels left.
You didn't know any spells.
Your spell library contained the following spells:

 Spells                   Type           Power      Damage    Failure   Level
 Shock                    Conj/Air       0%         1d3       34%         1
 Sting                    Conj/Alch      0%         1d3       34%         1
 Mercury Vapours          Alch/Air       0%         N/A       47%         2
 Call Canine Familiar     Summ           0%         N/A       71%         3
 Fugue of the Fallen      Necr           0%         N/A       71%         3
 Inner Flame              Hex/Fire       0%         N/A       71%         3
 Ozocubu's Armour         Ice            0%         N/A       71%         3
 Sigil of Binding         Hex            0%         N/A       71%         3
 Swiftness                Air            0%         N/A       71%         3
 Airstrike                Air            0%         2d(0-16)  98%         4
 Dimensional Bullseye     Hex/Tloc       0%         N/A       98%         4
 Flame Wave               Conj/Fire      0%         2d4       98%         4
 Manifold Assault         Tloc           0%         N/A       98%         4
 Olgreb's Toxic Radiance  Alch           0%         N/A       98%         4
 Sticky Flame             Fire/Alch      0%         2d4       98%         4
 Haunt                    Necr/Summ      0%         N/A       100%        7
 Borgnjor's Revivificati  Necr           0%         N/A       100%        8
 Death's Door             Necr           0%         N/A       100%        9


Dungeon Overview and Level Annotations

Branches:
Dungeon (6/15)             Temple (1/1) D:5

Altars:
Ashenzari
Cheibriados
Dithmenos
Elyvilon
Gozag
Hepliaklqana
Kikubaaqudgha
Nemelex Xobeh
Okawaru
Qazlal
Ru
Sif Muna
Trog
Uskayaw
Vehumet
Wu Jian
Xom
Yredelemnul
Zin
The Shining One

Shops:
D:6 *

Portals:
Abyss: D:4

Annotations:
D:4 2 transporters, thinklincoln's ghost, amateur TrMo
D:6 1 runed translucent door, bungle's ghost, novice GnDe


Innate Abilities, Weirdness & Mutations

You are a hulking beast.
Your limbs bulge with bestial killing power. (Slay +3)
You are too large for most types of armour.
You have a pair of small horns on your head.
You have tough skin. (AC +1)
You gain doubled healing and magic from potions.
Whenever you drink a healing potion, you attack all around you.


Message History

You take a swig of the potion and twirl your +4 mace of venom.
You hit the gargoyle but do no damage.
You headbutt the gargoyle, but do no damage.
The gargoyle is lightly damaged.
You savour every drop.
You feel much better. The gargoyle barely misses you.
You hit the gargoyle.
You headbutt the gargoyle, but do no damage.
The gargoyle is moderately damaged.
The gargoyle hurls a stone arrow at you.
The stone arrow misses you.
You hit the gargoyle.
The gargoyle is heavily damaged.
The gargoyle hits you with a +0 flail!
* * * LOW HITPOINT WARNING * * *
You hit the gargoyle but do no damage.
The gargoyle is heavily damaged.
The gargoyle hits you but does no damage.
You barely miss the gargoyle.
The gargoyle is heavily damaged.
The gargoyle hits you with a +0 flail!!
* * * LOW HITPOINT WARNING * * *
You take a swig of the potion and twirl your +4 mace of venom.
You hit the gargoyle but do no damage.
The gargoyle is moderately damaged.
You savour every drop.
You feel much better.
You hear the brisk rusting of a drain very nearby.
The gargoyle hits you with a +0 flail!
You hit the gargoyle. Your headbutt misses the gargoyle.
The gargoyle is heavily damaged.
The gargoyle hits you with a +0 flail!
* * * LOW HITPOINT WARNING * * *
A red film seems to cover your vision as you go berserk!
You feel yourself moving faster!
You feel mighty! The gargoyle hits you with a +0 flail!
* * * LOW HITPOINT WARNING * * *
You hit the gargoyle but do no damage.
The gargoyle is heavily damaged.
The gargoyle hits you with a +0 flail!!
You die...
Your body crumbles into a pile of gold.

## #.. .#.## #..
..# #.....## ..#
#.#.# .#..# ..#
#)###..#
#.#.#.#.#.#
..###$.#.# #
#[#.#.#.#.# ..# ..#
#.###..# ...#
....#.#.#.#h#....#
#.....###..#9#.....
#. #...#...#.......
##...###......<.
###....[####### #
###...# # ####
###.#### #
.....###....# #
#....###..........
#


You could see a gargoyle.

Vanquished Creatures
  Eustachio (D:6)
  A water moccasin (D:5)
  The ghost of MisterAzrael the Sneak, an amateur DEEn (D:5)
  A sky beast (D:6)
  2 black bears
  2 ogres (D:6)
  A kobold brigand (D:5)
  3 scorpions
  5 hounds
  3 orc priests
  A gnoll bouda (D:5)
  An iguana (D:5)
  5 orc wizards
  6 adders
  10 gnolls
  4 ufetubi
  A worm (D:2)
  A dart slug (D:3)
  18 orcs
  3 ball pythons
  5 endoplasms
  4 giant cockroaches
  4 goblins
  4 hobgoblins
  2 quokkas
  3 bats
  6 frilled lizards
  16 kobolds
  6 rats
  A spectral kobold (D:1)
121 creatures vanquished.

Notes
Turn   | Place    | Note
-------+----------+-------------------------------------------
     0 | D:1      | mandarbmax the Oni Shapeshifter began the quest for the
                  | Orb.
     0 | D:1      | Reached XP level 1. HP: 19/19 MP: 1/1
     0 | D:1      | Upgraded the game from 0.31-a0-1370-gf52a5a9ab3 to
                  | 0.31-a0-1388-g4b2ba238e7
   472 | D:1      | Reached XP level 2. HP: 25/28 MP: 2/2
   665 | D:1      | Found a faded altar of an unknown god.
   768 | D:1      | Reached XP level 3. HP: 32/35 MP: 3/3
  1158 | D:2      | Reached skill level 1 in Maces & Flails
  1441 | D:2      | Reached XP level 4. HP: 44/44 MP: 4/4
  1843 | D:3      | Found a broken altar of Ashenzari.
  2373 | D:4      | Noticed thinklincoln's ghost (amateur TrMo)
  2375 | D:4      | Found a transporter.
  2403 | D:4      | Found a one-way gate to the infinite horrors of the Abyss.
  2458 | D:4      | Found a transporter.
  2476 | D:4      | Noticed a small abomination
  2517 | D:4      | Reached XP level 5. HP: 22/53 MP: 2/5
  2657 | D:4      | Noticed a black bear
  2670 | D:4      | Killed a black bear
  2671 | D:4      | Reached XP level 6. HP: 62/62 MP: 3/6
  2889 | D:4      | Noticed a +0 hand axe
  2889 | D:4      | Noticed a +0 hand axe
  2931 | D:4      | Found a hide-covered altar of Uskayaw.
  3480 | D:5      | Entered Level 5 of the Dungeon
  3487 | D:5      | Found a runed translucent gate.
  3487 | D:5      | Found a runed translucent gate.
  3487 | D:5      | Noticed MisterAzrael's ghost (amateur DEEn)
  3488 | D:5      | Found a runed translucent gate.
  3491 | D:5      | Noticed a water moccasin
  3501 | D:5      | Killed a water moccasin
  3502 | D:5      | Reached XP level 7. HP: 30/71 MP: 2/7
  3659 | D:5      | Found a staircase to the Ecumenical Temple.
  3698 | D:5      | Reached skill level 5 in Fighting
  3717 | D:5      | Reached skill level 5 in Maces & Flails
  3934 | Temple   | Entered the Ecumenical Temple
  4008 | Temple   | Became a worshipper of Gozag Ym Sagoz the Greedy
  4276 | D:5      | Found an ornate altar of the Wu Jian Council.
  4433 | D:5      | Reached skill level 5 in Shapeshifting
  4433 | D:5      | Reached XP level 8. HP: 45/83 MP: 6/8
  4437 | D:5      | HP: 3/83 [orc priest/divine providence (11)]
  5083 | D:5      | Killed MisterAzrael's ghost
  5197 | D:6      | Noticed Eustachio
  5209 | D:6      | Killed Eustachio
  5433 | D:6      | Found Bopteet's Mass Market.
  5487 | D:6      | Found a runed translucent door.
  5487 | D:6      | Found a shimmering altar of Xom.
  5487 | D:6      | Noticed a +2 short sword of chaos
  5487 | D:6      | Noticed bungle's ghost (novice GnDe)
  5536 | D:6      | Reached XP level 9. HP: 84/93 MP: 7/9
  5543 | D:6      | Noticed a gargoyle
  5557 | D:6      | Slain by a gargoyle

Illustrated notes

Levels and vault maps discovered:
D:1:      psy_arrival_fountain, layout_basic,
          dreamdust_ecumenical_altar_drowned_temple, st_stairs_6,
          roderic_serpentine_path
D:2:      layout_loops_ring, minmay_cupped
D:3:      layout_rooms, ashenzari_altar_1
D:4:      layout_basic, dancing_weapons_uskayaw, gammafunk_ghost_abyssal_escape,
          dreamdust_princess_corridor
D:5:      layout_rooms, pdpol_wu_jian_five_deadly_venoms,
          minmay_temple_entry_slanted, gammafunk_ghost_nasty_kobolds,
          minivault_25
D:6:      minmay_cornered_nines, layout_rooms, gup_sewer_entry_bubbles,
          ebering_ghost_xom, minmay_shop_mass, hangedman_decor_diamond_cutter,
          minmay_misc_feat_more_columns, minmay_manual_mail, uniq_edmund,
          uniq_eustachio
Temple:   minmay_temple_bridge_d

Skill      XL: |  1  2  3  4  5  6  7  8 |
---------------+-------------------------+-----
Fighting       | 2 3 4 5 7 |  7.3
Unarmed Combat | 3 |  3.1
Maces & Flails | 1 2 3 4 5 7 |  7.7
Shapeshifting  | 4 5 |  5.9
Dodging        | 2 |  2.0

Action                     |  1- 3 |  4- 6 |  7- 9 || total
---------------------------+-------+-------+-------++-------
  Melee: Unarmed           |    29 |       |       ||    29
         Headbutt          |    11 |    14 |    22 ||    47
         Flail             |    47 |   110 |    85 ||   242
         Punch             |     2 |     2 |     3 ||     7
         Mace              |       |       |    90 ||    90
  Evoke: Wand              |       |       |     4 ||     4
    Use: Potion            |       |     2 |     7 ||     9
         Scroll            |       |     7 |     5 ||    12
   Stab: Sleeping          |     1 |     1 |       ||     2
         Distracted        |       |       |     1 ||     1
 Armour: Animal skin       |    40 |    91 |   152 ||   283
         Skin              |       |    44 |    39 ||    83
  Dodge: Dodged            |    33 |    55 |   115 ||   203

Table legend: (Time is in decaauts)
 A = Elapsed time spent in this place.
 B = Non-inter-level travel time spent in this place.
 C = Inter-level travel time spent in this place.
 D = Time resting spent in this place.
 E = Time spent auto-exploring this place.
 F = Levels seen in this place.
 G = Mean time per level.
                   A        B        C        D        E       F      G
               +--------+--------+--------+--------+--------+-----+--------+
         Total |   5611 |   5323 |    288 |    729 |   3444 |   7 |  801.6 |
       Dungeon |   5464 |   5315 |    149 |    729 |   3444 |   6 |  910.7 |
        Temple |    146 |      7 |    139 |      0 |      0 |   1 |  146.0 |
               +--------+--------+--------+--------+--------+-----+--------+

Top non-repeatable levels by time:
     D:5: 1534 daAuts
     D:4: 1245 daAuts
     D:1: 1118 daAuts
     D:2: 705 daAuts
     D:3: 454 daAuts
     D:6: 406 daAuts
  Temple: 146 daAuts
